[Event "87th Tata Steel Masters 2025"]
[Site "Wijk aan Zee"]
[Date "2025.01.25"]
[Round "7.7"]
[White "Warmerdam, Max"]
[Black "Erigaisi, Arjun Kumar"]
[Result "1-0"]
[ECO "B50"]
[WhiteElo "2646"]
[BlackElo "2801"]
[Annotator "Stockfish 17 - Chessbase"]
[PlyCount "75"]
[EventDate "2025.??.??"]
[TimeControl "60"]

1. e4 c5 2. Nf3 d6 3. c3 Nf6 4. h3 Bd7 5. Bd3 Nc6 6. Bc2 Rc8 7. O-O g5 $146 (7... g6 8. d4 cxd4 9. cxd4 Nb4 (9... Bg7 10. Nc3 O-O 11. Re1 Na5 12. e5 Ne8 13. Bg5 f6 14. exf6 Nxf6 15. Qe2 Re8 16. Rac1 a6 17. Bd3 b5 18. Ne4 Rxc1 19. Rxc1 Bf5 20. Ned2 Bxd3 21. Qxd3 Qd7 22. Qc3 {Ibarra Jerez,J (2559)-Vidit,S (2721) chess.com INT 2024 1-0 (44)}) 10. Nc3 Nxc2 11. Qxc2 Bg7 12. Qb3 O-O 13. Be3 b5 14. Rac1 a5 15. a3 Rb8 16. Qc2 b4 17. axb4 axb4 18. Ne2 b3 19. Qb1 d5 20. Ne5 Nxe4 21. Nxd7 Qxd7 22. Bf4 {Perea Fruet,F (2065)-Adhiban,B (2541) San Vicente ESP 2024 0-1 (39)}) (7... e6 8. Re1 Be7 9. d4 cxd4 10. cxd4 Nb4 11. Bb3 Rxc1 12. Qxc1 Nd3 13. Qd2 (13. Qe3 Nxe1 14. Qxe1 d5 15. e5 Ne4 16. Nc3 Bb4 17. Qe3 Nxc3 18. bxc3 Be7 19. c4 dxc4 20. Bxc4 Bc6 21. Rd1 Qa5 22. Nh2 {Rjabzev,K (2287)-Schnoor,E (2059) Dresden 2013 1-0 (51)}) 13... Nxe1 14. Qxe1 Bc6 15. Nc3 O-O 16. d5 exd5 17. exd5 Bd7 18. Qe3 a6 19. Bc2 Re8 20. Qd4 Bf8 21. Rc1 g6 22. Qb4 {Lopez Pereyra,A-Vera Gonzalez Quevedo,R (2445) Corte Ingles 1988 0-1 (41)}) 8. d4 $1 {[%eval 76,0] [%emt 0:00:00] d5 would now be deadly. White is slightly better.} g4 9. d5 gxf3 10. dxc6 Bxc6 11. Qxf3 Rg8 {[%eval 58,0] [%emt 0:00:00] Wards off Bg5} 12. Rd1 e6 (12... Qd7) 13. Nd2 $14 b5 {[%eval 144,0] [%emt 0:00:21] Inhibits Nc4.} 14. a4 {[%eval 153,0] [%emt 0:00:00] aiming for axb5.} a6 15. axb5 axb5 16. Nf1 Nd7 17. Ng3 Ne5 18. Qh5 Rg7 $6 {[%eval 218,0] Inaccuracy. Qf6 was best.} (18... Qf6) 19. Kh2 $16 Qf6 $6 {[%eval 251,0] Inaccuracy. Rg6 was best.} (19... Rg6 20. Ra6 Qe7 21. Qxh7 Qf6 22. Rf1 Bh6 23. Bxh6 Rxh6 24. Qg8+ Kd7 25. Ra7+) 20. f4 Nd7 21. Qe2 {[%eval 224,0] And now Nh5 would win.} Qd8 22. e5 Qh4 {[%eval 203,0] [#]} (22... dxe5 23. Be4 (23. fxe5 Qh4) 23... Qc7) 23. Ne4 $1 $18 {[%eval 203,0] Active counter play!} Bxe4 24. Bxe4 d5 25. Qxb5 {[%eval 233,0] Ra7 is the strong threat.} c4 26. Ra7 $6 {[%eval 224,0] Inaccuracy. Bxd5 was best.} (26. Bxd5 exd5 27. Qxd5 f5 28. Qe6+ Kd8 29. Qd5 Ke8 30. Ra8 Rxa8 31. Qxa8+ Qd8) 26... Rd8 {[%eval 197,0] [#]} 27. Bxd5 exd5 28. Qxd5 $40 {[%eval 178,0][%mdl 128] White attacks with force.} Qe7 $4 {[%eval 434,0] Blunder. Nb8 was best.} (28... Nb8 29. Qxd8+ (29. Qb5+ Nd7 30. Qc6 Qg3+ 31. Kh1 Qg6 32. Qd5 Qe6 33. Qf3 f5 34. exf6) 29... Qxd8 30. Rxd8+ Kxd8) 29. Ra8 $4 {[%eval 197,0] Blunder. Be3 was best.} (29. Qxc4 Qc5 30. Qxc5 Bxc5 $16) (29. Be3 Qe6 30. Qb5 f6 31. Ra6 Qf5 32. Qxc4 fxe5 33. g4 Qf7 34. Re6+ Be7) 29... Rxa8 $4 {[%eval 469,0] Blunder. Qe6 was best.} (29... Qe6 30. Qf3 f5 31. exf6 Qxf6 32. Qe4+ Re7 33. Rxd8+ Kxd8 34. Qb7 Rg7 35. Be3) 30. Qxa8+ Qd8 31. Qb7 Bc5 $6 {[%eval 548,0] Inaccuracy. Rg6 was best. Repels Be3} (31... Rg6 32. Be3 Re6 (32... Bh6 33. g3 Qe7 34. Rd4 Qd8 35. Rxc4 Nb6 36. Rc6 Rxc6 37. Qxc6+)) 32. f5 Bb6 33. Bh6 Rg8 34. Kh1 {[%eval 605,0] Threatens to win with e6.} (34. Rd6 Bc7) 34... Qc7 35. Qd5 {[%eval 612,0] White wants to mate with e6.} Rg3 36. e6 fxe6 37. Qxe6+ Kd8 {[%eval 708,0] [#]} 38. Bf4 $1 {[%eval 699,0][%mdl 512] Weighted Error Value: White=0.26 (precise) /Black=0.66. Mistake: 	White=1 	Black=6 Inaccurate: 	White=1 	Black=1 OK: 	White=11 	Black=9 Best: 	White=1 	Black=2 Strong: 	White=2 	--- Brilliant: 	White=1 	--- Precisão Stockfish 17: Brancas 94% Pretas 87% Precisão Chess.com: Branas 93.0% Pretas 82.6%} 1-0